 Dungeon Crawl Stone Soup version 0.29.0-4-gdea44cf6ec (webtiles) character file.

Game seed: 14885694198654675981

9116 qw the Brawler (level 11, -2/105 HPs)
             Began as a Troll Cinder Acolyte on Aug 30, 2022.
             Was a Believer of Ignis.
             Slain by Amaemon
             ... wielding a -2 demon whip of venom
              (6 damage)
             ... on level 10 of the Dungeon.
             The game lasted 00:05:06 (8429 turns).

qw the Brawler (Troll Cinder Acolyte)               Turns: 8429, Time: 00:05:06

Health: -2/105     AC: 11    Str: 28    XL:     11   Next: 18%
Magic:  11/11      EV: 13    Int: 10    God:    Ignis [**....]
Gold:   137        SH:  0    Dex:  5    Spells: 12/12 levels left

rFire   + . .      SeeInvis .     - Unarmed
rCold   + . .      Faith    .   (no shield)
rNeg    . . .      Spirit   .   l - +0 acid dragon scales
rPois   .          Reflect  .   (helmet restricted)
rElec   .          Harm     .   (no cloak)
rCorr   +          Rampage  .   (gloves unavailable)
Will    .....                   (boots unavailable)
Stlth   ..........              (no amulet)
HPRegen 1.07/turn               h - +4 ring of evasion
MPRegen 0.12/turn               a - ring of Pexkotad {Fly rC+}

@: lethally poisoned (-2 -> -8), about to teleport, corroded, fiery-armoured,
flying
A: large, unfitting armour, claws 3, regeneration 1, shaggy fur 1, tough skin 1
a: Renounce Religion, Fiery Armour, Foxfire Swarm, Rising Flame


You were on level 10 of the Dungeon.
You worshipped Ignis.
Ignis was pleased with you.
You visited 1 branch of the dungeon, and saw 10 of its levels.
You also visited: Sewer.

You collected 641 gold pieces.
You spent 504 gold pieces at shops.


Innate Abilities, Weirdness & Mutations

You are too large for most types of armour.
You have claws for hands.
Your natural rate of healing is unusually fast.
You are covered in fur. (AC +1)
You have tough skin. (AC +1)


   Skills:
 - Level 6.0 Fighting
 - Level 2.0 Throwing
 - Level 2.3 Armour
 - Level 1.5 Dodging
 + Level 15.6 Unarmed Combat
 - Level 1.0 Spellcasting
 - Level 2.1 Fire Magic


You had 12 spell levels left.
You didn't know any spells.
Your spell library contained the following spells:

 Spells                   Type           Power      Damage    Failure   Level
 Scorch                   Fire           8%         2d5       26%         2

Inventory:

Missiles
 i - 4 boomerangs (quivered)
Armour
 l - +0 acid dragon scales (worn)
Jewellery
 a - the ring of Pexkotad (right claw) {Fly rC+}
   (You bought it in a shop on level 7 of the Dungeon)

   [ring of flight]

   rC:        It protects you from cold.
   Fly:       It grants you flight.
 h - a +4 ring of evasion (left claw)
Wands
 f - a wand of digging (4)
Scrolls
 d - 6 scrolls of identify
 k - a scroll of teleportation
Potions
 b - a potion of might
 e - a potion of mutation
 g - 3 potions of curing

Dungeon Overview and Level Annotations

Branches:
Dungeon (10/15)            Temple (0/1) D:4             Orc (0/2) D:9
  Sewer (visited)
   Lair: D:8-11

Altars:
Cheibriados
Qazlal
Uskayaw
Vehumet
Xom
Yredelemnul
Zin
The Shining One

Shops:
D:6 (   D:7 =   D:9 :

Annotations:
D:4 1 runed translucent door, Crazy Yiuf
D:7 2 transporters, qw's ghost, novice TeWr
D:10 Amaemon


Message History

The scorpion stings you but does no damage.
The acid dragon bites you but does no damage.
The acid dragon closely misses you.
Amaemon hits you with a -2 demon whip of venom.
You are more poisoned.
Amaemon is burned by your cloak of flames.
Amaemon is heavily wounded.
Amaemon barely misses you.
Amaemon tail-slaps you but does no damage.
Amaemon is burned by your cloak of flames.
Amaemon is heavily wounded.
The scorpion stings you but does no damage.
The scorpion is burned by your cloak of flames.
The scorpion is moderately wounded.
The scorpion barely misses you. The scorpion misses you.
You miss Amaemon.
Amaemon is heavily wounded.
You feel very sick. The scorpion closely misses you. The acid dragon bites you.
The acid dragon barely misses you. Amaemon completely misses you.
Amaemon barely misses you. Amaemon tail-slaps you.
Amaemon is burned by your cloak of flames.
Amaemon is heavily wounded.
The scorpion closely misses you.
You scratch Amaemon but do no damage.
Amaemon is heavily wounded.
You feel very sick. The scorpion closely misses you. The scorpion stings you.
The scorpion is burned by your cloak of flames.
The scorpion is heavily wounded.
You barely miss Amaemon.
Amaemon is heavily wounded.
You feel very sick. The scorpion closely misses you.
The acid dragon bites you but does no damage.
The acid dragon is burned by your cloak of flames.
The acid dragon is moderately wounded.
The acid dragon claws you but does no damage.
Amaemon barely misses you. Amaemon claws you.
You die...

#.....##.....## ....
##...###.###.###....
.............##...# .
..................####..
........[...............
...............##......
..........%$...........
..#........%%.s........
.###...?......s@.......
........:...sD6......
....##.......s.W.....
... #...............
#................
..................
..)...........(...
.................


You could see Amaemon, a wraith, an acid dragon and 4 scorpions.

Vanquished Creatures
  A hydra (D:8)
  Pikel (D:6)
  An orange demon (D:10)
  Maggie (D:6)
  2 trolls (D:9)
  A hornet (D:9)
  2 dream sheep (D:8)
  A wyvern (D:9)
  A vampire (D:9)
  4 yaks (D:7)
  A steam dragon (D:6)
  Eustachio (D:4)
  4 vampire mosquitoes (D:10)
  Edmund (D:6)
  2 water moccasins
  3 ice beasts
  9 orc warriors
  A sky beast (D:6)
  4 black bears
  3 ogres
  A centaur (D:9)
  4 kobold brigands (D:8)
  3 lemures (D:6)
  A phantom (D:7)
  3 necrophages
  A gnoll sergeant (D:5)
  2 bullfrogs
  5 scorpions
  4 wights (D:7)
  11 killer bees (D:9)
  3 hounds
  4 jellies
  7 orc priests
  Jessica (D:3)
  3 iguanas
  Ijyb (D:3)
  Terence (D:3)
  5 orc wizards
  A merfolk siren (Sewer)
  A merfolk avatar (Sewer)
  8 adders
  5 gnolls (D:5)
  6 river rats
  A white imp (D:7)
  An ufetubus (D:6)
  2 worms
  A dart slug (D:2)
  37 orcs
  6 endoplasms
  4 giant cockroaches
  3 goblins
  5 hobgoblins
  2 quokkas
  9 ball pythons
  5 bats
  9 frilled lizards
  15 kobolds
  20 rats
245 creatures vanquished.

Vanquished Creatures (others)
  A black bear (D:6)
  A hound (D:6)
2 creatures vanquished.

Grand Total: 247 creatures vanquished

Notes
Turn   | Place    | Note
-------+----------+-------------------------------------------
     0 | D:1      | qw the Troll Cinder Acolyte began the quest for the Orb.
     0 | D:1      | Reached XP level 1. HP: 22/22 MP: 1/1
     0 | D:1      | 0 ||| qw: Version: 0.1-a-97-g2dd2ca4
     0 | D:1      | 0 ||| qw: Game counter: 4466
     0 | D:1      | 0 ||| qw: Always use a shield: true
     0 | D:1      | 0 ||| qw: God list: Okawaru
     0 | D:1      | 0 ||| qw: Allow faded altars: false
     0 | D:1      | 0 ||| qw: Do Orc after D:15 true
     0 | D:1      | 0 ||| qw: Do second Lair branch before Depths: true
     0 | D:1      | 0 ||| qw: Lair rune preference: random
     0 | D:1      | 0 ||| qw: Plans: Normal
     0 | D:1      | 0 ||| PLANNING D:1-11
   394 | D:1      | 394 ||| UPGRADING to +4 ring of evasion.
   395 | D:1      | 395 ||| READING scroll labelled WASEYF LA FEKK.
   400 | D:1      | 400 ||| READING scroll labelled XID NEKENN.
   401 | D:1      | 401 ||| READING scroll labelled PUFFEU PIUL.
   402 | D:1      | 402 ||| READING scroll labelled SALESETEIM.
   403 | D:1      | 403 ||| READING scroll labelled RUANOASTU LYTWECE.
   404 | D:1      | 404 ||| DRINKING 2 inky potions.
   405 | D:1      | 405 ||| Stepping randomly (stuck).
   406 | D:1      | 406 ||| Stepping ~*~*~tactically~*~*~ (cloud).
   441 | D:2      | Reached XP level 2. HP: 29/29 MP: 2/2
   446 | D:2      | Identified the +4 scale mail of the Trees {Regen+}
   523 | D:2      | 523 ||| Stepping ~*~*~tactically~*~*~ (stealth).
   528 | D:2      | 528 ||| Stepping ~*~*~tactically~*~*~ (stealth).
   794 | D:2      | Reached skill level 4 in Unarmed Combat
   848 | D:2      | 848 ||| Stepping ~*~*~tactically~*~*~ (stealth).
   984 | D:2      | Reached XP level 3. HP: 36/36 MP: 3/3
  1336 | D:2      | 1336 ||| Stepping ~*~*~tactically~*~*~ (stealth).
  1544 | D:2      | 1544 ||| READING scroll labelled DYODUIFETWE.
  1645 | D:2      | 1645 ||| READING 2 scrolls labelled ZYSTUENNEC.
  1862 | D:3      | Noticed Jessica
  1867 | D:3      | Killed Jessica
  1918 | D:3      | Found a faded altar of an unknown god.
  1931 | D:3      | Reached XP level 4. HP: 44/44 MP: 4/4
  1965 | D:3      | Noticed Ijyb
  1965 | D:3      | Noticed Terence
  1966 | D:3      | 1966 ||| Stepping ~*~*~tactically~*~*~ (hiding).
  1969 | D:3      | 1969 ||| Stepping ~*~*~tactically~*~*~ (hiding).
  1974 | D:3      | Noticed a water moccasin
  1980 | D:3      | 1980 ||| INVOKING Fiery Armour.
  1982 | D:3      | Killed Ijyb
  1983 | D:3      | Reached skill level 5 in Unarmed Combat
  1985 | D:3      | Killed a water moccasin
  1986 | D:3      | Reached skill level 6 in Unarmed Combat
  1986 | D:3      | Reached XP level 5. HP: 18/50 MP: 5/5
  2459 | D:3      | 2459 ||| Stepping ~*~*~tactically~*~*~ (hiding).
  2469 | D:3      | Killed Terence
  2494 | D:3      | 2494 ||| READING 2 scrolls labelled IZXAEL OLOXT.
  2495 | D:3      | 2495 ||| READING 2 scrolls labelled KEXI VICWAONT.
  2496 | D:3      | 2496 ||| READING scroll labelled DOMUIH UPYFRE.
  2497 | D:3      | 2497 ||| READING 3 scrolls of identify.
  2497 | D:3      | 2497 ||| IDENTIFYING golden potion
  2498 | D:3      | 2498 ||| READING 2 scrolls of identify.
  2498 | D:3      | 2498 ||| IDENTIFYING bubbling puce potion
  2499 | D:3      | 2499 ||| DROPPING potion of lignification.
  2500 | D:3      | 2500 ||| DROPPING scroll of immolation.
  2501 | D:3      | 2501 ||| DROPPING scroll of noise.
  2581 | D:4      | Noticed an ogre
  2587 | D:4      | Killed an ogre
  2588 | D:4      | Reached skill level 7 in Unarmed Combat
  2588 | D:4      | Reached XP level 6. HP: 59/59 MP: 6/6
  2632 | D:4      | 2632 ||| Stepping ~*~*~tactically~*~*~ (stealth).
  2739 | D:4      | Found a staircase to the Ecumenical Temple.
  3005 | D:4      | Found a runed translucent door.
  3006 | D:4      | Noticed Crazy Yiuf
  3031 | D:4      | Noticed Eustachio
  3037 | D:4      | 3037 ||| Stepping ~*~*~tactically~*~*~ (outnumbered).
  3044 | D:4      | Killed Eustachio
  3045 | D:4      | Reached skill level 8 in Unarmed Combat
  3045 | D:4      | Reached XP level 7. HP: 45/66 MP: 7/7
  3077 | D:4      | 3077 ||| Stepping ~*~*~tactically~*~*~ (stealth).
  3132 | D:4      | 3132 ||| Stepping ~*~*~tactically~*~*~ (stealth).
  3133 | D:4      | 3133 ||| Stepping ~*~*~tactically~*~*~ (stealth).
  3182 | D:4      | 3182 ||| Stepping ~*~*~tactically~*~*~ (stealth).
  3184 | D:4      | 3184 ||| Stepping ~*~*~tactically~*~*~ (stealth).
  3186 | D:4      | 3186 ||| Stepping ~*~*~tactically~*~*~ (stealth).
  3188 | D:4      | 3188 ||| Stepping ~*~*~tactically~*~*~ (stealth).
  3190 | D:4      | 3190 ||| Stepping ~*~*~tactically~*~*~ (stealth).
  3454 | D:4      | 3454 ||| READING scroll labelled BIKLUK YTO.
  3455 | D:4      | 3455 ||| READING scroll labelled ETEIFU MESCHUMEF.
  3456 | D:4      | 3456 ||| DRINKING 2 bubbling orange potions.
  3561 | D:4      | 3561 ||| DRINKING 2 black potions.
  3562 | D:4      | 3562 ||| READING 2 scrolls of identify.
  3562 | D:4      | 3562 ||| IDENTIFYING grey potion
  3563 | D:4      | 3563 ||| DROPPING potion of berserk rage.
  3564 | D:4      | 3564 ||| DROPPING potion of degeneration.
  3621 | D:5      | Entered Level 5 of the Dungeon
  3622 | D:5      | 3622 ||| PLANNING SEWER
  3676 | D:5      | Reached skill level 3 in Fighting
  3726 | D:5      | Found a glowing drain.
  3745 | Sewer    | Entered a sewer
  3854 | Sewer    | 3854 ||| INVOKING Fiery Armour.
  3856 | Sewer    | 3856 ||| Stepping ~*~*~tactically~*~*~ (outnumbered).
  3987 | Sewer    | 3987 ||| Stepping ~*~*~tactically~*~*~ (stealth).
  3991 | Sewer    | 3991 ||| Stepping ~*~*~tactically~*~*~ (hiding).
  4012 | Sewer    | 4012 ||| INVOKING Fiery Armour.
  4017 | Sewer    | Reached skill level 9 in Unarmed Combat
  4122 | Sewer    | 4122 ||| READING scroll labelled IDUMOF JAATYC.
  4123 | Sewer    | 4123 ||| DROPPING potion of flight.
  4174 | D:5      | 4174 ||| PLANNING D:1-11
  4412 | D:5      | Reached skill level 1 in Dodging
  4552 | D:5      | 4552 ||| Stepping ~*~*~tactically~*~*~ (stealth).
  4553 | D:5      | 4553 ||| Stepping ~*~*~tactically~*~*~ (stealth).
  4557 | D:5      | Reached XP level 8. HP: 71/75 MP: 8/8
  4584 | D:5      | 4584 ||| Stepping ~*~*~tactically~*~*~ (hiding).
  4604 | D:5      | 4604 ||| Stepping ~*~*~tactically~*~*~ (hiding).
  4605 | D:5      | 4605 ||| Stepping ~*~*~tactically~*~*~ (hiding).
  4618 | D:5      | 4618 ||| Stepping ~*~*~tactically~*~*~ (outnumbered).
  4619 | D:5      | 4619 ||| Stepping ~*~*~tactically~*~*~ (outnumbered).
  4620 | D:5      | 4620 ||| Stepping ~*~*~tactically~*~*~ (outnumbered).
  4621 | D:5      | 4621 ||| Stepping ~*~*~tactically~*~*~ (outnumbered).
  4622 | D:5      | 4622 ||| Stepping ~*~*~tactically~*~*~ (outnumbered).
  4623 | D:5      | 4623 ||| Stepping ~*~*~tactically~*~*~ (outnumbered).
  4624 | D:5      | 4624 ||| Stepping ~*~*~tactically~*~*~ (outnumbered).
  4625 | D:5      | 4625 ||| Stepping ~*~*~tactically~*~*~ (outnumbered).
  4626 | D:5      | 4626 ||| Stepping ~*~*~tactically~*~*~ (outnumbered).
  4627 | D:5      | 4627 ||| Stepping ~*~*~tactically~*~*~ (outnumbered).
  4628 | D:5      | 4628 ||| Stepping ~*~*~tactically~*~*~ (outnumbered).
  4643 | D:5      | Found a basalt altar of Yredelemnul.
  4773 | D:5      | 4773 ||| READING scroll labelled PIUPHOTOJE.
  4774 | D:5      | 4774 ||| READING 2 scrolls of identify.
  4774 | D:5      | 4774 ||| IDENTIFYING fuming ruby potion
  4775 | D:5      | 4775 ||| DROPPING potion of brilliance.
  4816 | D:6      | 4816 ||| Stepping ~*~*~tactically~*~*~ (stealth).
  4823 | D:6      | 4823 ||| Stepping ~*~*~tactically~*~*~ (stealth).
  4825 | D:6      | 4825 ||| Stepping ~*~*~tactically~*~*~ (stealth).
  4855 | D:6      | Reached skill level 10 in Unarmed Combat
  4858 | D:6      | Noticed Edmund
  4859 | D:6      | 4859 ||| INVOKING Fiery Armour.
  4861 | D:6      | 4861 ||| FLEEEEING.
  4862 | D:6      | 4862 ||| FLEEEEING.
  4863 | D:6      | 4863 ||| FLEEEEING.
  4864 | D:6      | 4864 ||| FLEEEEING.
  4865 | D:6      | 4865 ||| FLEEEEING.
  4866 | D:6      | 4866 ||| FLEEEEING.
  4867 | D:6      | 4867 ||| FLEEEEING.
  4868 | D:6      | 4868 ||| FLEEEEING.
  4877 | D:6      | Killed Edmund
  4899 | D:6      | Found Ifuun's Antique Weapon Boutique.
  4911 | D:6      | Noticed Maggie
  4921 | D:6      | Killed Maggie
  5065 | D:6      | Noticed Pikel
  5075 | D:6      | Killed Pikel
  5076 | D:6      | Reached skill level 11 in Unarmed Combat
  5076 | D:6      | Reached XP level 9. HP: 84/84 MP: 9/9
  5117 | D:6      | 5117 ||| Stepping ~*~*~tactically~*~*~ (outnumbered).
  5323 | D:6      | 5323 ||| Stepping ~*~*~tactically~*~*~ (stealth).
  5331 | D:6      | 5331 ||| Stepping ~*~*~tactically~*~*~ (stealth).
  5347 | D:6      | Reached skill level 12 in Unarmed Combat
  5366 | D:6      | Found a shimmering altar of Xom.
  5373 | D:6      | 5373 ||| Stepping ~*~*~tactically~*~*~ (outnumbered).
  5374 | D:6      | 5374 ||| INVOKING Fiery Armour.
  5668 | D:6      | 5668 ||| UPGRADING to +0 acid dragon scales.
  5678 | D:6      | 5678 ||| DROPPING +0 robe.
  5687 | D:6      | 5687 ||| DRINKING 2 fizzy grey potions.
  5688 | D:6      | 5688 ||| READING 3 scrolls of identify.
  5688 | D:6      | 5688 ||| IDENTIFYING pink potion
  5689 | D:6      | 5689 ||| READING 2 scrolls of identify.
  5689 | D:6      | 5689 ||| IDENTIFYING bubbling brown potion
  5690 | D:6      | 5690 ||| DROPPING potion of attraction.
  5691 | D:6      | 5691 ||| DROPPING potion of invisibility.
  5729 | D:7      | Reached skill level 1 in Armour
  5730 | D:7      | 5730 ||| Stepping ~*~*~tactically~*~*~ (stealth).
  5738 | D:7      | Noticed a manticore
  5739 | D:7      | Noticed a gargoyle
  5742 | D:7      | Noticed qw's ghost (novice TeWr)
  5775 | D:7      | Found Ugur's Jewellery Shoppe.
  5798 | D:7      | 5798 ||| SHOPLISTING amulet of the Air {Inacc Air Fly rElec
                  | RMsl} (601 gold, have 507).
  5798 | D:7      | 5798 ||| BUYING ring of Pexkotad {Fly rC+} (504 gold).
  5798 | D:7      | Bought the ring of Pexkotad {Fly rC+} for 504 gold pieces
  5798 | D:7      | 5798 ||| SHOPLISTING ring of Tuti Ynn {Ice rN+++ rCorr
                  | Str+4 Dex+4} (1206 gold, have 3).
  5798 | D:7      | 5798 ||| SHOPLISTING ring of Yxko {Wiz rN+} (659 gold, have
                  | 3).
  5798 | D:7      | 5798 ||| SHOPLISTING ring of positive energy (320 gold,
                  | have 3).
  5849 | D:7      | Found a snail-covered altar of Cheibriados.
  5857 | D:7      | Reached skill level 13 in Unarmed Combat
  5897 | D:7      | 5897 ||| Stepping ~*~*~tactically~*~*~ (stealth).
  5982 | D:7      | 5982 ||| Stepping ~*~*~tactically~*~*~ (outnumbered).
  5992 | D:7      | Reached XP level 10. HP: 83/96 MP: 10/10
  6067 | D:7      | Found a transporter.
  6070 | D:7      | Found a transporter.
  6076 | D:7      | 6076 ||| Stepping ~*~*~tactically~*~*~ (stealth).
  6079 | D:7      | 6079 ||| Stepping ~*~*~tactically~*~*~ (hiding).
  6082 | D:7      | 6082 ||| Stepping ~*~*~tactically~*~*~ (hiding).
  6091 | D:7      | 6091 ||| Stepping ~*~*~tactically~*~*~ (outnumbered).
  6092 | D:7      | 6092 ||| Stepping ~*~*~tactically~*~*~ (outnumbered).
  6093 | D:7      | 6093 ||| Stepping ~*~*~tactically~*~*~ (outnumbered).
  6095 | D:7      | 6095 ||| Stepping ~*~*~tactically~*~*~ (outnumbered).
  6096 | D:7      | 6096 ||| Stepping ~*~*~tactically~*~*~ (outnumbered).
  6097 | D:7      | 6097 ||| Stepping ~*~*~tactically~*~*~ (outnumbered).
  6098 | D:7      | 6098 ||| Stepping ~*~*~tactically~*~*~ (outnumbered).
  6099 | D:7      | 6099 ||| Stepping ~*~*~tactically~*~*~ (outnumbered).
  6100 | D:7      | 6100 ||| Stepping ~*~*~tactically~*~*~ (outnumbered).
  6187 | D:7      | 6187 ||| Stepping ~*~*~tactically~*~*~ (stealth).
  6190 | D:7      | 6190 ||| Stepping ~*~*~tactically~*~*~ (hiding).
  6191 | D:7      | 6191 ||| Stepping ~*~*~tactically~*~*~ (hiding).
  6271 | D:7      | Reached skill level 1 in Throwing
  6399 | D:7      | 6399 ||| UPGRADING to ring of Pexkotad {Fly rC+}.
  6447 | D:8      | Found a radiant altar of Vehumet.
  6516 | D:8      | 6516 ||| Stepping ~*~*~tactically~*~*~ (outnumbered).
  6517 | D:8      | 6517 ||| INVOKING Fiery Armour.
  6518 | D:8      | 6518 ||| Stepping ~*~*~tactically~*~*~ (outnumbered).
  6519 | D:8      | 6519 ||| Stepping ~*~*~tactically~*~*~ (outnumbered).
  6569 | D:8      | 6569 ||| Stepping ~*~*~tactically~*~*~ (stealth).
  6571 | D:8      | 6571 ||| Stepping ~*~*~tactically~*~*~ (hiding).
  6573 | D:8      | 6573 ||| Stepping ~*~*~tactically~*~*~ (outnumbered).
  6576 | D:8      | 6576 ||| Stepping ~*~*~tactically~*~*~ (outnumbered).
  6582 | D:8      | HP: 21/96 [orc warrior/+2 trident of venom (4)]
  6583 | D:8      | 6583 ||| READING 6 scrolls of teleportation.
  6584 | D:8      | 6584 ||| DRINKING potion of heal wounds.
  6587 | D:8      | HP: 24/96 [poisoned by an orc warrior]
  6592 | D:8      | HP: 18/96 [poisoned by an orc warrior]
  6597 | D:8      | HP: 18/96 [poisoned by an orc warrior]
  6864 | D:8      | 6864 ||| Stepping ~*~*~tactically~*~*~ (stealth).
  6986 | D:8      | Found a glowing golden altar of the Shining One.
  7258 | D:8      | 7258 ||| Stepping ~*~*~tactically~*~*~ (outnumbered).
  7259 | D:8      | 7259 ||| Stepping ~*~*~tactically~*~*~ (outnumbered).
  7266 | D:8      | Reached skill level 14 in Unarmed Combat
  7287 | D:8      | Noticed a three-headed hydra
  7288 | D:8      | 7288 ||| INVOKING Fiery Armour.
  7293 | D:8      | Killed a five-headed hydra
  7294 | D:8      | Reached skill level 6 in Fighting
  7294 | D:8      | 7294 ||| FLEEEEING.
  7295 | D:8      | 7295 ||| FLEEEEING.
  7296 | D:8      | 7296 ||| FLEEEEING.
  7297 | D:8      | 7297 ||| FLEEEEING.
  7298 | D:8      | 7298 ||| FLEEEEING.
  7299 | D:8      | 7299 ||| FLEEEEING.
  7300 | D:8      | 7300 ||| FLEEEEING.
  7324 | D:8      | 7324 ||| READING 5 scrolls of teleportation.
  7453 | D:9      | 7453 ||| DRINKING 5 potions of curing.
  7453 | D:9      | 7453 ||| (to cure confusion)
  7524 | D:9      | 7524 ||| Stepping ~*~*~tactically~*~*~ (stealth).
  7544 | D:9      | 7544 ||| FLEEEEING.
  7545 | D:9      | 7545 ||| FLEEEEING.
  7583 | D:9      | Found a staircase to the Orcish Mines.
  7584 | D:9      | 7584 ||| INVOKING Fiery Armour.
  7585 | D:9      | 7585 ||| Stepping ~*~*~tactically~*~*~ (outnumbered).
  7590 | D:9      | 7590 ||| Stepping ~*~*~tactically~*~*~ (outnumbered).
  7592 | D:9      | 7592 ||| Stepping ~*~*~tactically~*~*~ (outnumbered).
  7596 | D:9      | 7596 ||| Stepping ~*~*~tactically~*~*~ (outnumbered).
  7598 | D:9      | 7598 ||| Stepping ~*~*~tactically~*~*~ (outnumbered).
  7600 | D:9      | 7600 ||| Stepping ~*~*~tactically~*~*~ (outnumbered).
  7606 | D:9      | 7606 ||| Stepping ~*~*~tactically~*~*~ (outnumbered).
  7607 | D:9      | 7607 ||| Stepping ~*~*~tactically~*~*~ (outnumbered).
  7608 | D:9      | 7608 ||| Stepping ~*~*~tactically~*~*~ (outnumbered).
  7612 | D:9      | Reached skill level 15 in Unarmed Combat
  7613 | D:9      | 7613 ||| Stepping ~*~*~tactically~*~*~ (outnumbered).
  7615 | D:9      | 7615 ||| Stepping ~*~*~tactically~*~*~ (outnumbered).
  7616 | D:9      | 7616 ||| Stepping ~*~*~tactically~*~*~ (outnumbered).
  7617 | D:9      | 7617 ||| Stepping ~*~*~tactically~*~*~ (outnumbered).
  7624 | D:9      | 7624 ||| Stepping ~*~*~tactically~*~*~ (outnumbered).
  7624 | D:9      | HP: 21/98 [poisoned by an orc warrior]
  7625 | D:9      | 7625 ||| READING 4 scrolls of teleportation.
  7629 | D:9      | HP: 13/98 [poisoned by an orc warrior]
  7629 | D:9      | HP: 3/98 [orc priest/divine providence (10)]
  7631 | D:9      | HP: 1/98 [poisoned by an orc warrior]
  7632 | D:9      | 7632 ||| DRINKING 4 potions of curing.
  7632 | D:9      | 7632 ||| (to cure poison)
  7633 | D:9      | 7633 ||| READING 3 scrolls of teleportation.
  7635 | D:9      | 7635 ||| Stepping ~*~*~tactically~*~*~ (stealth).
  7728 | D:9      | 7728 ||| Stepping ~*~*~tactically~*~*~ (hiding).
  7729 | D:9      | 7729 ||| Stepping ~*~*~tactically~*~*~ (hiding).
  7783 | D:9      | 7783 ||| Stepping ~*~*~tactically~*~*~ (stealth).
  7784 | D:9      | 7784 ||| Stepping ~*~*~tactically~*~*~ (stealth).
  7837 | D:9      | Reached XP level 11. HP: 84/105 MP: 11/11
  7877 | D:9      | 7877 ||| Stepping ~*~*~tactically~*~*~ (stealth).
  7882 | D:9      | 7882 ||| Stepping ~*~*~tactically~*~*~ (outnumbered).
  7884 | D:9      | 7884 ||| Stepping ~*~*~tactically~*~*~ (outnumbered).
  7885 | D:9      | 7885 ||| Stepping ~*~*~tactically~*~*~ (outnumbered).
  8063 | D:9      | Found Zimabios's Book Shop.
  8116 | D:9      | Found a stormy altar of Qazlal.
  8116 | D:9      | Found a hide-covered altar of Uskayaw.
  8221 | D:9      | Found a glowing silver altar of Zin.
  8222 | D:9      | Noticed an angel
  8330 | D:10     | Entered Level 10 of the Dungeon
  8413 | D:10     | Noticed Amaemon
  8421 | D:10     | 8421 ||| INVOKING Fiery Armour.
  8424 | D:10     | HP: 25/105 [scorpion[Amaemon] (4)]
  8425 | D:10     | 8425 ||| READING 2 scrolls of teleportation.
  8425 | D:10     | HP: 11/105 [acid dragon (6)]
  8426 | D:10     | 8426 ||| DRINKING potion of heal wounds.
  8429 | D:10     | HP: 4/105 [poisoned by Amaemon]
  8429 | D:10     | Slain by Amaemon

Levels and vault maps discovered:
D:1:      minmay_arrival_stone_box, layout_rooms
D:2:      layout_basic, fountainhead
D:3:      layout_basic, hellmonk_ecumenical_altar_leap_of_faith,
          minmay_misc_feat_square, minivault_27, hangedman_decor_lopped,
          minmay_tree_intersection, hangedman_decor_opposing, uniq_ijyb,
          uniq_jessica, uniq_terence
D:4:      layout_loops_corners, minmay_temple_entry_proselytizer, minivault_24,
          uniq_crazy_yiuf_cottage, uniq_eustachio
D:5:      layout_loops_ring, yredelemnul_altar_generic,
          cheibrodos_sewer_entry_sluice, minmay_misc_feat_pillars,
          nrook_mini_backslash, reono_crystal_passage
D:6:      layout_basic, xom_confusion_cloud, serial_shops, shop, uniq_pikel,
          uniq_maggie, uniq_edmund
D:7:      layout_basic, cheibriados_altar_1, gammafunk_ghost_arena,
          serial_shops, shop
D:8:      layout_loops_ring, tso_metal_star, vehumet_crystals, hangedman_ranch
D:9:      layout_small_grid, zin_angel, gammafunk_temple_overflow_elements,
          david_orc_5, serial_shops, kennysheep_little_box,
          corexii_leaking_fountain
D:10:     layout_cave_pools, uniq_fannar, uniq_amaemon

Skill      XL: |  1  2  3  4  5  6  7  8  9 10 |
---------------+-------------------------------+-----
Unarmed Combat | 4 6 7 8 9 11 13 15 | 15.6
Fighting       | 3 4 5 6 |  6.0
Dodging        | 1 |  1.5
Armour         | 2 |  2.3
Throwing       | 2 |  2.0
Spellcasting   | |  1.0
Fire Magic     | |  2.1

Action                   |  1- 3 |  4- 6 |  7- 9 | 10-12 || total
-------------------------+-------+-------+-------+-------++-------
Melee: Unarmed           |    84 |    66 |   291 |   232 ||   673
       Punch             |     1 |     2 |    15 |    11 ||    29
Throw: Boomerang         |       |       |       |    46 ||    46
Invok: Fiery Armour      |       |     1 |     4 |     4 ||     9
  Use: Scroll            |     7 |     5 |     8 |     5 ||    25
       Potion            |     1 |       |     3 |     4 ||     8
Armor: Robe              |    16 |    12 |    37 |       ||    65
       Acid dragon scale |       |       |     7 |    78 ||    85
Dodge: Dodged            |    34 |    28 |   140 |   186 ||   388

Table legend:
 A = Non-vault XP
 B = Vault XP
 C = Vault XP percentage of total XP
 D = Non-vault monster count
 E = Vault monster count
 F = Vault count percentage of total count
                 A         B        C        D         E       F
            +---------+---------+-------+---------+---------+-------
      Total |    7283 |    5740 |  44.1 |     155 |      87 |  36.0
            +---------+---------+-------+---------+---------+-------
        D:1 |      11 |       0 |   0.0 |       8 |       0 |   0.0
        D:2 |      43 |       0 |   0.0 |      23 |       0 |   0.0
        D:3 |     161 |     109 |  40.4 |       9 |       3 |  25.0
        D:4 |     357 |     225 |  38.7 |      18 |       2 |  10.0
        D:5 |     684 |      28 |   3.9 |      13 |       3 |  18.8
        D:6 |     597 |    1924 |  76.3 |      17 |      12 |  41.4
        D:7 |    2056 |       0 |   0.0 |      27 |       0 |   0.0
        D:8 |     516 |    1642 |  76.1 |      16 |       6 |  27.3
        D:9 |    2134 |    1224 |  36.5 |      20 |      23 |  53.5
       D:10 |     724 |     376 |  34.2 |       4 |       1 |  20.0
      Sewer |       0 |     212 | 100.0 |       0 |      37 | 100.0
            +---------+---------+-------+---------+---------+-------
